 Dungeon Crawl Stone Soup version 0.30.0-5-g1a98f26d00 (webtiles) character file.

Game seed: 1984775358443752211

45 browni3141 the Trooper (level 3, -1/40 HPs)
             Began as an Ogre Delver on May 10, 2023.
             Slain by an orc
             ... wielding a +0 war axe
              (9 damage)
             ... on level 5 of the Dungeon.
             The game lasted 00:02:01 (1087 turns).

browni3141 the Trooper (Ogre Delver)                Turns: 1087, Time: 00:02:01

Health: -1/40      AC:  3    Str: 18    XL:     3   Next: 64%
Magic:  3/3        EV:  9    Int: 11    God:
Gold:   45         SH:  0    Dex: 10    Spells: 2/2 levels left

rFire   . . .        a - +0 mace
rCold   . . .        (no shield)
rNeg    . . .        b - +0 robe
rPois   .            (helmet restricted)
rElec   .            (no cloak)
rCorr   .            (gloves unavailable)
SInv    .            (boots unavailable)
Will    .....        (no amulet)
Stlth   ++           (no ring)
HPRegen 0.26/turn    (no ring)
MPRegen 0.08/turn

%: no passive effects
@: no status effects
A: large, unfitting armour, tough skin 1
a: no special abilities


You were on level 5 of the Dungeon.
You visited 1 branch of the dungeon, and saw 3 of its levels.

You collected 45 gold pieces.

Inventory:

Hand Weapons
 a - a +0 mace (weapon)
Armour
 b - a +0 robe (worn)
Jewellery
 I - a +6 ring of intelligence
Wands
 g - a wand of digging (3)
Scrolls
 d - a scroll of magic mapping
 e - a scroll of fear
 F - a scroll of fog
 G - a scroll of enchant weapon {unknown}
 H - a scroll of poison {unknown}
 J - a scroll of teleportation {unknown}
Potions
 h - a potion of haste
 K - a potion of mutation {unknown}
 L - a potion of heal wounds {unknown}


   Skills:
 + Level 4.7 Fighting
 * Level 3.0 Maces & Flails
 - Level 1.7 Dodging
 - Level 3.7 Stealth


You had 2 spell levels left.
You didn't know any spells.
Your spell library was empty.

Dungeon Overview and Level Annotations

Branches:
Dungeon (6/15)
 Temple: D:4-7

Altars:

Shops:
D:5 :

Annotations:
D:4 Edmund
D:5 exclusions: centaur, hound and water moccasin, Ijyb, Menkaure


Innate Abilities, Weirdness & Mutations

You are too large for most types of armour.
You have tough skin. (AC +1)


Message History

Edmund shouts!
Edmund says, "I'm quite good with sums, too."
You see here a +0 club.
There is a stone staircase leading down here.
You climb downwards.
Level annotation: exclusion: water moccasin, Menkaure
There is a stone staircase leading up here.
You see here a +0 war axe.
Ijyb the Twisted Goblin comes into view.
She is wielding a +0 dagger and carrying a wand of paralysis (5).
Press: ? - help, v - describe, . - travel
Here: Ijyb, wielding a +0 dagger, wearing a +0 chain mail and carrying a wand of paralysis (5) (asleep)
The floor.
Placed new exclusion.
A dart slug comes into view.
You start waiting.
Done waiting.
No target in view!
The dart slug launches a dart at you. The slug dart hits you.
The dart slug launches a dart at you. The slug dart hits you.
The dart slug barely misses you.
You hit the dart slug but do no damage. The dart slug launches a dart at you.
The slug dart hits you.
You hit the dart slug but do no damage. The dart slug launches a dart at you.
The slug dart misses you.
You completely miss the dart slug. You sock the dart slug!
The dart slug is severely wounded.
The dart slug launches a dart at you. The slug dart hits you.
You completely miss the dart slug.
The dart slug is severely wounded.
The dart slug barely misses you.
You hit the dart slug.
The dart slug is almost dead.
The dart slug launches a dart at you. The slug dart hits you.
You hit the dart slug.
You kill the dart slug!
You see here a dart slug corpse.
HP restored.
You see here a +0 battleaxe.
A centaur comes into view.
A centaur is nearby!
Press: ? - help, . - travel You can't see that place. [the floor.] Placed new exclusion.
You see here a +0 battleaxe.
A hound comes into view.
Press: ? - help, . - travel You can't see that place. [the floor.] Placed new exclusion.
Partly explored, can't reach some items and places.
Partly explored, can't reach some items and places.
Unknown command.
Okay, then.
Okay, then.
Unknown command.
Unknown command.
Unknown command.
There is a stone staircase leading down here.
You climb downwards.
There is a stone staircase leading up here.
You open the door.
There is an open door here.
You open the door.
There is an open door here.
An orc comes into view. It is wielding a +0 war axe.
The orc shouts!
A sky beast comes into view.
You closely miss the orc.
An adder comes into view.
The orc barely misses you.
The adder moves out of view.
You barely miss the orc. The orc hits you but does no damage.
The orc hits you with a +0 war axe! The orc attacks as you move away!
The orc misses you. The orc attacks as you move away!
The orc closely misses you.
The sky beast flickers out of sight!
Deactivating autopickup; reactivate with Ctrl-A.
The orc attacks as you move away! The orc hits you with a +0 war axe.
There is a stone staircase leading up here.
The orc hits you with a +0 war axe.
You climb upwards.
Level annotation: exclusions: centaur, hound and water moccasin, Ijyb, Menkaure Reactivating autopickup.
There is a stone staircase leading down here.
You are too injured to fight recklessly!
You are too injured to fight recklessly!
You are too injured to fight recklessly!
You hit the orc but do no damage. The orc hits you with a +0 war axe.
* * * LOW HITPOINT WARNING * * *
You barely miss the orc. The orc hits you with a +0 war axe!
* * * LOW HITPOINT WARNING * * *
The orc hits you with a +0 war axe!
You die...

#.##...<..# ##.###.##.#
#.##.##.### ##.#.###.###
#.......# ##.## #...#
###...### ### ###.# #...#
#.# #...# ####### #.#
#####.######.....#
####.####
...##.#...##.....#
#.......#
................@#
#.##.##.#
...##.....#....o.#
#.##.##.#
##.##....##......#
#....##.#
#.##..#.##.######
#..####.#
#.......##.#######
#.......#
####.....).......#
##.######
#........####.#####.#
#.##......#.........#
#####....##.....#.#######


You could see an orc.

Vanquished Creatures
  A hound (D:5)
  An adder (D:4)
  A dart slug (D:5)
  An orc (D:5)
  A ball python (D:4)
5 creatures vanquished.

Notes
Turn   | Place    | Note
-------+----------+-------------------------------------------
     0 | D:5      | browni3141 the Ogre Delver began the quest for the Orb.
     0 | D:5      | Reached XP level 1. HP: 24/24 MP: 1/1
    15 | D:5      | Noticed a hound
    23 | D:5      | Killed a hound
    24 | D:5      | Reached XP level 2. HP: 16/33 MP: 2/2
    24 | D:5      | Reached XP level 3. HP: 20/40 MP: 3/3
   141 | D:5      | Noticed Menkaure
   162 | D:5      | Noticed a water moccasin
   323 | D:5      | Found Rojoeji's Book Shop.
   395 | D:4      | Reached skill level 3 in Maces & Flails
   402 | D:4      | HP: 2/40 [poisoned by an adder]
   635 | D:4      | Noticed Edmund
   681 | D:5      | Noticed Ijyb
   913 | D:5      | Noticed a centaur
  1067 | D:6      | Noticed a sky beast
  1087 | D:5      | Slain by an orc

Illustrated notes

Levels and vault maps discovered:
D:4:      layout_rooms, hangedman_decor_push, nicolae_shop_self_help,
          uniq_edmund
D:5:      layout_loops_cross, serial_shops, shop, uniq_crazy_yiuf_cottage,
          uniq_menkaure, uniq_ijyb
D:6:      layout_loops_corners, makhleb_heckhound_becter,
          minmay_temple_entry_offerings, chequers_avenue, minmay_between

Skill      XL: |  1  2  3 |
---------------+----------+-----
Maces & Flails | 2 3 |  3.0
Fighting       | |  4.7
Dodging        | |  1.7
Stealth        | |  3.7

Action                     || total
---------------------------++-------
  Melee: Mace              ||    40
   Stab: Sleeping          ||     1
 Armour: Robe              ||     6
  Dodge: Dodged            ||    19
